 Dungeon Crawl Stone Soup version 0.17-a0-1570-g74b7129 (webtiles) character file.

92 orochimarko the Ruffian (level 4, -2/40 HPs)
             Began as a Ghoul Monk on July 23, 2015.
             Slain by an ice beast (6 damage)
             ... on level 3 of the Dungeon.
             The game lasted 00:23:57 (1795 turns).

orochimarko the Ruffian (Ghoul Monk)                Turns: 1795, Time: 00:23:58

Health: -2/40      AC:  2    Str: 15    XL:     4   Next: 60%
Magic:  3/3        EV: 13    Int:  5    God:
Gold:   156        SH:  0    Dex: 11    Spells: 0 memorised, 3 levels left

rFire  . . .     SeeInvis .       - Unarmed
rCold  + . .     Clarity  .     a - +0 robe
rNeg   + + +     SustAt   .     (no shield)
rPois  ∞         Gourm    .     (no helmet)
rElec  .         Spirit   .     (no cloak)
rCorr  .         Warding  .     (no gloves)
rMut   .         Stasis   .     (no boots)
MR     .....                    (no amulet)
Stlth  ++........               (no ring)
                                (no ring)

@: rotting, not resistant to hostile enchantments, unstealthy
A: rotting body, claws 1, carnivore 3, cold resistance 1, negative energy
resistance 3, slow healing 1, torment resistance, unbreathing
a: no special abilities


You were on level 3 of the Dungeon.
You were not hungry.

You visited 1 branch of the dungeon, and saw 3 of its levels.

You collected 156 gold pieces.

Inventory:

Missiles
 e - 48 stones
 h - 64 arrows
 m - 27 bolts
 v - 13 poisoned needles
 A - 3 tomahawks (quivered)
Armour
 a - a +0 robe (worn)
 c - a +0 robe
 n - a +0 robe
Jewellery
 o - an uncursed ring of wizardry {unknown}
Scrolls
 g - a scroll of recharging {unknown}
 i - a scroll of magic mapping {unknown}
 j - 2 scrolls of teleportation {unknown}
 k - 4 scrolls of identify {unknown}
 s - a scroll of noise {unknown}
 u - a scroll of fear {unknown}
 w - a scroll of remove curse {unknown}
 x - a scroll of fog {unknown}
 y - a scroll of blinking {unknown}
Potions
 f - a potion of resistance {unknown}
 l - a potion of curing {unknown}
 q - a potion of might {unknown}
 r - 2 potions of lignification {unknown}
 z - a potion of cancellation {unknown}
 B - a potion of heal wounds {unknown}
Comestibles
 b - 3 meat rations
 t - 2 beef jerkies


   Skills:
 + Level 3.7 Fighting
 + Level 1.3 Throwing
 + Level 3.4 Dodging
 + Level 2.5 Stealth
 + Level 5.0 Unarmed Combat


You had 3 spell levels left.
You didn't know any spells.

Dungeon Overview and Level Annotations

Branches:
Dungeon (3/15)

Altars:

Annotations:
D:3 Sigmund


Innate Abilities, Weirdness & Mutations

Your body is rotting away.
You thrive on raw meat.
You are immune to poison.
You have sharp fingernails.
You are carnivorous and can eat meat at any time.
Your flesh is cold resistant.
You are immune to negative energy.
You heal slowly when monsters are visible.
You are immune to unholy pain and torment.
You can survive without breathing.


Message History

The ice beast hits you but does no damage.
You feel more resilient.
This raw flesh tastes great!
The ice beast hits you. The ice beast freezes you. You resist.
* * * LOW HITPOINT WARNING * * *
You continue eating.
The ice beast completely misses you.
You continue eating.
The ice beast hits you.
* * * LOW HITPOINT WARNING * * *
The ice beast freezes you. You resist.
* * * LOW HITPOINT WARNING * * *
You closely miss the ice beast.
The ice beast is heavily wounded.
The ice beast closely misses you.
You closely miss the ice beast. Your claw misses the ice beast.
The ice beast is heavily wounded.
The ice beast hits you.
* * * LOW HITPOINT WARNING * * *
The ice beast freezes you. You resist.
You die...

##########
#........#
###.##...#
#.# # #.#
#.# #.# #.#
#.#######.#
#.@Yr....(#
###########


You could see an ice beast and a rat.

Vanquished Creatures
  3 adders
  A worm (D:2)
  4 giant geckos
  6 giant cockroaches
  6 hobgoblins
  2 quokkas (D:2)
  2 ball pythons
  7 bats
  3 giant newts (D:1)
  8 goblins
  10 kobolds
  8 rats
60 creatures vanquished.

Notes
Turn   | Place    | Note
--------------------------------------------------------------
     0 | D:1      | orochimarko the Ghoul Monk began the quest for the Orb.
     0 | D:1      | Reached XP level 1. HP: 19/19 MP: 0/0
   168 | D:1      | Reached XP level 2. HP: 26/26 MP: 1/1
   579 | D:1      | Reached XP level 3. HP: 31/31 MP: 2/2
  1130 | D:2      | Reached skill level 1 in Throwing
  1130 | D:2      | Reached XP level 4. HP: 39/39 MP: 3/3
  1440 | D:3      | Noticed Sigmund
  1685 | D:3      | Reached skill level 5 in Unarmed Combat
  1772 | D:3      | Noticed an ice beast
  1795 | D:3      | Slain by an ice beast

Vault maps used:
D:1:      dpeg_arrival_simpleton_c
D:3:      amethyst_overflow_temple_binary, uniq_crazy_yiuf_cottage, uniq_sigmund

Action                   |  1- 3 |  4- 6 || total
-------------------------+-------+-------++-------
Melee: Unarmed           |    89 |    69 ||   158
Throw: Stone             |    37 |       ||    37
       Javelin           |    25 |     7 ||    32
       Tomahawk          |       |     2 ||     2
 Stab: Sleeping          |     1 |     5 ||     6
  Eat: Chunk             |     3 |     1 ||     4
